 Dungeon Crawl Stone Soup version 0.22.1-1-ga44c0e5 (webtiles) character file.

753 Merlin the Magician (level 7, -1/51 HPs)
             Began as a Gnoll Wizard on Sept 20, 2018.
             Was a Believer of Dithmenos.
             Slain by a centaur (9 damage)
             ... on level 5 of the Dungeon.
             The game lasted 00:25:41 (6501 turns).

Merlin the Magician (Gnoll Wizard)                  Turns: 6501, Time: 00:25:41

Health: -1/51      AC:  5    Str:  9    XL:     7   Next: 79%
Magic:  17/18      EV: 15    Int: 21    God:    Dithmenos [**....]
Gold:   282        SH:  0    Dex: 15    Spells: 10/21 levels left

rFire    . . .     SeeInvis .   w - +0 halberd
rCold    . . .     Gourm    .   (shield currently unavailable)
rNeg     . . .     Faith    .   a - +0 robe
rPois    .         Spirit   .   q - +0 helmet
rElec    .         Reflect  .   l - +1 cloak
rCorr    .         Harm     .   (no gloves)
MR       .....                  (no boots)
Stlth    ++++......             (no amulet)
HPRegen  0.17/turn              (no ring)
MPRegen  0.16/turn              (no ring)

@: wreathed by umbra
A: distributed training, fangs 1, strong nose
a: Shadow Step, Renounce Religion


You were on level 5 of the Dungeon.
You worshipped Dithmenos.
Dithmenos was pleased with you.
You were not hungry.

You visited 1 branch of the dungeon, and saw 5 of its levels.
You also visited: Sewer.

You collected 282 gold pieces.

Inventory:

Hand Weapons
 w - a +0 halberd (weapon)
Armour
 a - a +0 robe (worn)
 b - a +0 hat
 l - a +1 cloak (worn)
 q - a +0 helmet (worn)
Jewellery
 h - a cursed ring of attention {unknown}
Scrolls
 c - 2 scrolls of fog
 f - a scroll of immolation {unknown}
 g - 3 scrolls of teleportation
 i - 5 scrolls of fear {unknown}
 j - 3 scrolls of magic mapping
 k - a scroll of blinking {unknown}
 n - a scroll of enchant armour {unknown}
 r - a scroll of enchant weapon {unknown}
 s - a scroll of remove curse {unknown}
 v - a scroll of amnesia {unknown}
Potions
 e - a potion of lignification
 p - a potion of might {unknown}
 u - a potion of flight
 x - a potion of magic {unknown}
 z - a potion of degeneration {unknown}
 A - a potion of brilliance {unknown}
Comestibles
 d - 12 rations
 o - 3 chunks of flesh


   Skills:
 + Level 2.6 Fighting
 + Level 2.6 Short Blades
 + Level 2.6 Long Blades
 + Level 2.6 Axes
 + Level 2.6 Maces & Flails
 + Level 2.6 Polearms
 + Level 2.6 Staves
 + Level 2.6 Slings
 + Level 2.6 Bows
 + Level 2.6 Crossbows
 + Level 2.6 Throwing
 + Level 2.6 Armour
 + Level 5.3 Dodging
 + Level 5.0 Stealth
 + Level 2.6 Shields
 + Level 2.6 Unarmed Combat
 + Level 7.7 Spellcasting
 + Level 3.1 Conjurations
 + Level 2.1 Hexes
 + Level 2.1 Charms
 + Level 3.1 Summonings
 + Level 2.1 Necromancy
 + Level 3.1 Translocations
 + Level 2.1 Transmutations
 + Level 2.1 Fire Magic
 + Level 2.1 Ice Magic
 + Level 2.1 Air Magic
 + Level 2.1 Earth Magic
 + Level 2.1 Poison Magic
 + Level 3.0 Invocations
 + Level 2.6 Evocations


You had 10 spell levels left.
You knew the following spells:

 Your Spells              Type           Power        Failure   Level  Hunger
a - Magic Dart            Conj           ###.         2%          1    None
b - Blink                 Tloc           N/A          3%          2    None
c - Call Imp              Summ           ###.....     3%          2    None
d - Conjure Flame         Conj/Fire      ###.....     9%          3    None
e - Mephitic Cloud        Conj/Pois/Air  ###.....     9%          3    None

Your spell library contained the following spells:

 Spells                   Type           Power        Failure   Level  Hunger
 Slow                     Hex            ###.....     4%          2    None


Dungeon Overview and Level Annotations

Branches:
Dungeon (5/15)             Temple (0/1) D:4

Altars:
Cheibriados
Dithmenos
Elyvilon
Fedhas
Okawaru
Uskayaw
The Shining One


Innate Abilities, Weirdness & Mutations

Your experience applies equally to all skills.
You have very sharp teeth.
Your uncanny sense of smell can sniff out nearby items.


Message History

The centaur wields an uncursed shortbow.
The centaur shoots an arrow.
The arrow hits you but does no damage. The gnoll barely misses you.
You see here an arrow.
Casting: Blink (safe; 3% risk of failure)
Confirm with . or Enter, or press ? or * to list all spells.
You blink.
The centaur unwields an uncursed shortbow.
The centaur misses you.
You hit the centaur but do no damage. Your bite misses the centaur.
The centaur is moderately wounded.
The centaur hits you.
* * * LOW HITPOINT WARNING * * *
The centaur hits you.
* * * LOW HITPOINT WARNING * * *
You barely miss the centaur.
The centaur is moderately wounded.
You are no longer glowing.
The centaur hits you!
You die...

g....
####..........########
S.... #.....#...###.#
#.....g...<##.#
#..####....##.#
#..##..gg..##.#
#.(...#..#.##.#
#.....#..g.##.#
#####.#g#####.# ∆
#@cg......#
###g####### #.# #.#
#.# #.# #.# #.# #.#


You could see a centaur, a gnoll shaman and 3 gnolls.

Vanquished Creatures
  An ice beast (D:5)
  Purgy (Sewer)
  An ogre (D:4)
  Crazy Yiuf (D:3)
  2 orc priests
  5 orc wizards
  3 gnolls (D:3)
  11 adders
  4 worms
  7 leopard geckos
  13 orcs
  6 bats
  5 giant cockroaches
  5 hobgoblins
  7 jackals
  2 quokkas
  3 ball pythons
  8 frilled lizards
  A giant cockroach zombie (D:5)
  10 kobolds
  A leopard gecko skeleton (D:4)
  8 rats
105 creatures vanquished.

Vanquished Creatures (collateral kills)
  A scorpion (D:4)
  3 adders
  A hobgoblin (D:2)
  A jackal (D:4)
6 creatures vanquished.

Vanquished Creatures (others)
  A quokka (D:3)
1 creature vanquished.

Grand Total: 112 creatures vanquished

Notes
Turn   | Place    | Note
-------+----------+-------------------------------------------
     0 | D:1      | Merlin the Gnoll Wizard began the quest for the Orb.
     0 | D:1      | Reached XP level 1. HP: 13/13 MP: 8/8
   180 | D:1      | Reached XP level 2. HP: 10/19 MP: 7/10
   184 | D:1      | Learned a level 2 spell: Blink
   187 | D:1      | Learned a level 2 spell: Call Imp
   761 | D:1      | Reached XP level 3. HP: 23/25 MP: 7/11
  1138 | D:2      | Learned a level 3 spell: Conjure Flame
  1142 | D:2      | Learned a level 3 spell: Mephitic Cloud
  1220 | D:2      | Reached skill level 1 in Invocations
  1588 | D:2      | Reached skill level 1 in Fighting
  1588 | D:2      | Reached skill level 1 in Short Blades
  1588 | D:2      | Reached skill level 1 in Long Blades
  1588 | D:2      | Reached skill level 1 in Axes
  1588 | D:2      | Reached skill level 1 in Maces & Flails
  1588 | D:2      | Reached skill level 1 in Polearms
  1588 | D:2      | Reached skill level 1 in Staves
  1588 | D:2      | Reached skill level 1 in Slings
  1588 | D:2      | Reached skill level 1 in Bows
  1588 | D:2      | Reached skill level 1 in Crossbows
  1588 | D:2      | Reached skill level 1 in Throwing
  1588 | D:2      | Reached skill level 1 in Armour
  1588 | D:2      | Reached skill level 1 in Shields
  1588 | D:2      | Reached skill level 1 in Unarmed Combat
  1588 | D:2      | Reached skill level 1 in Evocations
  1730 | D:1      | Reached XP level 4. HP: 32/32 MP: 2/13
  2242 | D:3      | Found a snail-covered altar of Cheibriados.
  2771 | D:3      | Reached skill level 1 in Hexes
  2771 | D:3      | Reached skill level 1 in Charms
  2771 | D:3      | Reached skill level 1 in Necromancy
  2771 | D:3      | Reached skill level 1 in Transmutations
  2771 | D:3      | Reached skill level 1 in Fire Magic
  2771 | D:3      | Reached skill level 1 in Ice Magic
  2771 | D:3      | Reached skill level 1 in Air Magic
  2771 | D:3      | Reached skill level 1 in Earth Magic
  2771 | D:3      | Reached skill level 1 in Poison Magic
  2801 | D:3      | Reached XP level 5. HP: 25/37 MP: 10/14
  3968 | D:3      | Found a white marble altar of Elyvilon.
  4047 | D:3      | Found a runed door.
  4139 | D:3      | Reached XP level 6. HP: 26/44 MP: 6/16
  4599 | D:3      | Found a hide-covered altar of Uskayaw.
  4599 | D:3      | Found an iron altar of Okawaru.
  4735 | D:3      | Found a faded altar of an unknown god.
  4740 | D:3      | Became a worshipper of Dithmenos the Shadowed
  4740 | D:3      | Reached * piety under Dithmenos
  5029 | D:3      | Noticed Crazy Yiuf
  5041 | D:3      | Killed Crazy Yiuf
  5222 | D:4      | Found a blossoming altar of Fedhas.
  5236 | D:4      | Reached skill level 5 in Dodging
  5355 | D:4      | Found a glowing golden altar of the Shining One.
  5427 | D:4      | Reached XP level 7. HP: 40/50 MP: 18/18
  5544 | D:4      | Found a staircase to the Ecumenical Temple.
  5616 | D:4      | Reached ** piety under Dithmenos
  5836 | D:4      | Found a glowing drain.
  5845 | Sewer    | Entered a sewer
  5922 | Sewer    | Noticed Purgy
  5939 | Sewer    | Killed Purgy
  6252 | D:5      | Entered Level 5 of the Dungeon
  6423 | D:5      | Reached skill level 5 in Stealth
  6501 | D:5      | Slain by a centaur

Skill      XL: |  1  2  3  4  5  6  7 |
---------------+----------------------+-----
Conjurations   | 2 3 |  3.1
Summonings     | 2 3 |  3.1
Translocations | 2 3 |  3.1
Invocations    | 1 2 3 |  3.0
Fighting       | 1 2 |  2.6
Short Blades   | 1 2 |  2.6
Long Blades    | 1 2 |  2.6
Axes           | 1 2 |  2.6
Maces & Flails | 1 2 |  2.6
Polearms       | 1 2 |  2.6
Staves         | 1 2 |  2.6
Slings         | 1 2 |  2.6
Bows           | 1 2 |  2.6
Crossbows      | 1 2 |  2.6
Throwing       | 1 2 |  2.6
Armour         | 1 2 |  2.6
Shields        | 1 2 |  2.6
Unarmed Combat | 1 2 |  2.6
Evocations     | 1 2 |  2.6
Hexes          | 1 2 |  2.1
Charms         | 1 2 |  2.1
Necromancy     | 1 2 |  2.1
Transmutations | 1 2 |  2.1
Fire Magic     | 1 2 |  2.1
Ice Magic      | 1 2 |  2.1
Air Magic      | 1 2 |  2.1
Earth Magic    | 1 2 |  2.1
Poison Magic   | 1 2 |  2.1
Dodging        | 5 |  5.3
Stealth        | 5 |  5.0
Spellcasting   | |  7.7

Action                   |  1- 3 |  4- 6 |  7- 9 || total
-------------------------+-------+-------+-------++-------
Melee: Unarmed           |    71 |     3 |       ||    74
       Bite              |     3 |     6 |     4 ||    13
       Flail             |       |   104 |       ||   104
       Punch             |       |     2 |       ||     2
       Halberd           |       |    57 |    84 ||   141
 Cast: Magic Dart        |    66 |    87 |    33 ||   186
       Call Imp          |     8 |    10 |     1 ||    19
       Conjure Flame     |     1 |     2 |     3 ||     6
       Mephitic Cloud    |       |     3 |     2 ||     5
       Blink             |       |     5 |     4 ||     9
  Use: Scroll            |     1 |     6 |     1 ||     8
       Potion            |       |     5 |     3 ||     8
 Stab: Distracted        |     1 |       |       ||     1
       Confused          |       |     1 |       ||     1
  Eat: Chunk             |     2 |    12 |     4 ||    18
Armor: Robe              |    10 |    57 |    17 ||    84
       Skin              |       |     9 |       ||     9
Dodge: Dodged            |    80 |   213 |    65 ||   358
